 Dungeon Crawl Stone Soup version 0.21.1-1-g345015f (webtiles) character file.

205 snha the Caller (level 5, -8/35 HPs)
             Began as a Mummy Summoner on May 26, 2018.
             Killed by divine providence
             ... invoked by an orc priest
              (14 damage)
             ... on level 4 of the Dungeon.
             The game lasted 00:19:08 (4918 turns).

snha the Caller (Mummy Summoner)                    Turns: 4918, Time: 00:19:09

Health: -8/35      AC:  3    Str: 12    XL:     5   Next: 52%
Magic:  2/9        EV: 12    Int: 15    God:
Gold:   127        SH:  0    Dex: 12    Spells: 0/9 levels left

rFire    x . .     SeeInvis .   f - +0 spear
rCold    + . .     Gourm    .   (no shield)
rNeg     + + +     Faith    .   a - +0 robe
rPois    ∞         Spirit   .   (no helmet)
rElec    .         Reflect  .   r - +0 cloak
rCorr    .         Harm     .   (no gloves)
MR       .....                  (no boots)
Stlth    ++........             (no amulet)
HPRegen  0.11/turn              (no ring)
MPRegen  0.11/turn              (no ring)

@: no status effects
A: no food or potions, fire vulnerability, cold resistance 1, negative energy
resistance 3, torment resistance, unbreathing
a: no special abilities


You were on level 4 of the Dungeon.
You were not hungry.

You visited 1 branch of the dungeon, and saw 4 of its levels.

You collected 127 gold pieces.

Inventory:

Hand Weapons
 e - a +2 dagger of speed
 f - a +0 spear (weapon)
Missiles
 i - a throwing net (quivered)
Armour
 a - a +0 robe (worn)
 o - a +0 buckler
 r - a +0 cloak (worn)
Jewellery
 n - an uncursed ring of ice {unknown}
 q - an uncursed ring of protection from cold {unknown}
 t - an uncursed amulet of the gourmand {unknown}
Wands
 s - a wand of digging (16)
Scrolls
 c - 4 scrolls of identify {unknown}
 d - a scroll of amnesia {unknown}
 g - a scroll of blinking {unknown}
 h - a scroll of enchant armour {unknown}
 j - 3 scrolls of teleportation {unknown}
 k - a scroll of magic mapping {unknown}
 l - a scroll of fear {unknown}
 m - a scroll of fog {unknown}
 p - 2 scrolls of remove curse {unknown}
Books
 b - a book of Callings

   Spells                             Type                      Level
   a - Summon Small Mammal            Summoning                    1
   b - Call Imp                       Summoning                    2
   c - Call Canine Familiar           Summoning                    3
   d - Summon Guardian Golem          Hexes/Summoning              3
   e - Summon Lightning Spire         Summoning/Air                4
   f - Summon Ice Beast               Ice/Summoning                4


   Skills:
 - Level 1.5 Dodging
 - Level 1.5 Stealth
 - Level 2.6 Spellcasting
 + Level 5.7 Summonings


You couldn't memorise any spells.
You knew the following spells:

 Your Spells              Type           Power        Failure   Level  Hunger
a - Call Imp              Summ           ###.....     3%          2    N/A
b - Call Canine Familiar  Summ           ###.....     6%          3    N/A
c - Summon Guardian Gole  Hex/Summ       ##......     19%         3    N/A
z - Summon Small Mammal   Summ           ###.         1%          1    N/A

Dungeon Overview and Level Annotations

Branches:
Dungeon (4/15)
 Temple: D:4-7

Altars:
Elyvilon
Gozag
Ru
Sif Muna
Uskayaw
Zin


Innate Abilities, Weirdness & Mutations

You do not eat or drink.
Your flesh is vulnerable to fire.
You are immune to poison.
Your flesh is cold resistant. (rC+)
You are immune to negative energy. (rN+++)
You are immune to unholy pain and torment.
You can survive without breathing.


Message History

The orc priest hits your rat with a mace.
Your rat dies!
Your rat's corpse disappears in a puff of smoke!
Attack whom?
Press: ? - help, Dir - move target cursor, f/p - orc priest
Aim: an orc priest, wielding a mace and wearing a leather armour (heavily wounded)
You reach to attack!
You hit the orc priest.
The orc priest is heavily wounded.
You closely miss the orc priest.
The orc priest is heavily wounded.
The orc priest hits you with a mace.
You hit the orc priest.
The orc priest is almost dead.
The orc priest calls down the wrath of Beogh upon you.
Beogh smites you!
* * * LOW HITPOINT WARNING * * *
You swap places.
Your rat barely misses the orc priest.
The orc priest mumbles some strange prayers to Beogh against you.
Beogh smites you!
You die...

#... ... #
####.. ..
.>... .⌠..#
...#
...o..##..##
...o.....# #
#.#.####..#.#
#...h@ro....#
########.####
#.# ..# ####


You could see an orc priest, a friendly hound and a friendly rat.

Vanquished Creatures
  A water moccasin skeleton (D:4)
  A hound (D:3)
  An adder (D:3)
  An ooze (D:1)
  A worm (D:2)
  2 dart slugs
  An orc (D:3)
  A ball python (D:1)
  3 goblins
  A hobgoblin (D:2)
  2 jackals
  A bat (D:3)
  A frilled lizard (D:1)
  A rat (D:1)
18 creatures vanquished.

Vanquished Creatures (collateral kills)
  An orc priest (D:3)
  A worker ant (D:3)
  4 gnolls (D:3)
  An adder (D:2)
  A shadow imp (D:3)
  A worm (D:2)
  A dart slug (D:2)
  4 leopard geckos
  2 orcs (D:3)
  4 ball pythons
  4 bats
  4 giant cockroaches
  5 goblins
  5 hobgoblins
  13 jackals
  7 kobolds
  3 frilled lizards
  9 rats
70 creatures vanquished.

Grand Total: 88 creatures vanquished

Notes
Turn   | Place    | Note
-------+----------+-------------------------------------------
     0 | D:1      | snha the Mummy Summoner began the quest for the Orb.
     0 | D:1      | Reached XP level 1. HP: 13/13 MP: 4/4
   407 | D:1      | Reached XP level 2. HP: 19/19 MP: 2/5
   411 | D:1      | Learned a level 2 spell: Call Imp
   661 | D:1      | Reached skill level 4 in Summonings
   710 | D:1      | Reached XP level 3. HP: 24/24 MP: 1/7
   722 | D:1      | Learned a level 3 spell: Call Canine Familiar
  2415 | D:2      | Found a hide-covered altar of Uskayaw.
  2415 | D:2      | Found a white marble altar of Elyvilon.
  2690 | D:2      | Found a sacrificial altar of Ru.
  3097 | D:3      | Reached XP level 4. HP: 30/30 MP: 5/8
  3229 | D:3      | Found a deep blue altar of Sif Muna.
  3289 | D:3      | Found an opulent altar of Gozag.
  3544 | D:3      | Found a glowing silver altar of Zin.
  3635 | D:3      | Reached skill level 5 in Summonings
  4386 | D:3      | Reached XP level 5. HP: 22/35 MP: 1/9
  4534 | D:4      | Noticed an ogre
  4546 | D:3      | Learned a level 3 spell: Summon Guardian Golem
  4918 | D:4      | Killed from afar by an orc priest

Skill      XL: |  1  2  3  4 |
---------------+-------------+-----
Summonings     | 4 5 |  5.7
Dodging        | |  1.5
Stealth        | |  1.5
Spellcasting   | |  2.6

Action                   |  1- 3 |  4- 6 || total
-------------------------+-------+-------++-------
Melee: Unarmed           |     9 |       ||     9
       Spear             |    58 |    61 ||   119
 Cast: Summon Small Mamm |    52 |    25 ||    77
       Call Imp          |     8 |     2 ||    10
       Call Canine Famil |    19 |    20 ||    39
 Stab: Sleeping          |     1 |     1 ||     2
       Distracted        |       |     1 ||     1
Armor: Robe              |     6 |    10 ||    16
Dodge: Dodged            |    30 |    40 ||    70
